 Dungeon Crawl Stone Soup version 0.31.0 (webtiles) character file.

Game seed: 6911245121454844352

13897 PaiMei the Merchant of Misery (level 11, -6/95 HPs)
             Began as a Demonspawn Necromancer on Jan 20, 2024.
             Was a Believer of Kikubaaqudgha.
             Mangled by Fannar
             ... wielding a staff of cold
              (16 damage)
             ... on level 10 of the Dungeon.
             The game lasted 00:20:28 (17581 turns).

PaiMei the Merchant of Misery (DsNe)               Turns: 17581, Time: 00:20:29

Health: -6/95      AC: 10    Str:  8    XL:     11   Next: 81%
Magic:  24/24      EV: 21    Int: 19    God:    Kikubaaqudgha [**....]
Gold:   1011       SH:  0    Dex: 15    Spells: 15/28 levels left

rFire   . . .        H - +5 spear of Disorder {drain, rPois rC- rN+}
rCold   x . .        (no shield)
rNeg    + . .        O - +0 steam dragon scales
rPois   +            d - +2 hat
rElec   .            (no cloak)
rCorr   .            (gloves unavailable)
SInv    .            (no boots)
Will    .....        (no amulet)
Stlth   ++           w - ring of poison resistance
HPRegen 0.35/turn    x - +5 ring of evasion
MPRegen 0.19/turn

%: no passive effects
@: no status effects
A: rugged brown scales 3, demonic touch 3
a: Renounce Religion, Unearth Wretches


You were on level 10 of the Dungeon.
You worshipped Kikubaaqudgha.
Kikubaaqudgha was pleased with you.
You visited 2 branches of the dungeon, and saw 11 of its levels.

You collected 1011 gold pieces.

Inventory:

Hand Weapons
 m - a +2 heavy mace
 H - the +5 spear of Disorder (weapon) {drain, rPois rC- rN+}
   (You found it on level 6 of the Dungeon)

   rC-:       It makes you vulnerable to cold.
   rPois:     It protects you from poison rN+: It protects you from negative
   energy.
Missiles
 y - 2 curare-tipped darts
Armour
 d - a +2 hat (worn)
 O - +0 steam dragon scales (worn)
Jewellery
 a - an amulet of regeneration
 w - a ring of poison resistance (left hand)
 x - a +5 ring of evasion (right hand)
 G - a ring of fire
 K - a ring of protection from fire
Talismans
 q - a beast talisman
Wands
 u - a wand of iceblast (36)
 v - a wand of flame (16)
 L - a wand of light (8)
Scrolls
 c - a scroll of blinking {unknown}
 i - 3 scrolls of enchant armour
 k - a scroll of teleportation
 o - 3 scrolls of poison
 p - 2 scrolls of vulnerability
 t - 3 scrolls of revelation {unknown}
 D - a scroll of amnesia {unknown}
 J - 3 scrolls of immolation
 M - a scroll of fear {unknown}
Potions
 b - a potion of magic
 g - a potion of enlightenment {unknown}
 h - 11 potions of curing
 j - 3 potions of lignification
 r - 2 potions of invisibility {unknown}
 s - a potion of mutation {unknown}
 z - a potion of haste {unknown}
 A - 3 potions of might
 B - 2 potions of heal wounds
 C - a potion of ambrosia {unknown}
 E - 2 potions of brilliance
 F - a potion of attraction {unknown}
 I - a potion of degeneration {unknown}
 N - a potion of resistance {unknown}


   Skills:
 + Level 9.6 Fighting
 + Level 9.1 Dodging
 - Level 2.0 Stealth
 + Level 9.2 Spellcasting
 + Level 11.5 Necromancy


You had 15 spell levels left.
You knew the following spells:

 Your Spells              Type           Power      Damage    Failure   Level
a - Necrotise             Necr           100%       1d9       1%          1
b - Vampiric Draining     Necr           51%        2d9       1%          3
c - Animate Dead          Necr           51%        N/A       1%          4
d - Curse of Agony        Necr           51%        N/A       1%          5

Your spell library contained the following spells:

 Spells                   Type           Power      Damage    Failure   Level
 Sublimation of Blood     Necr           51%        N/A       1%          2
 Fugue of the Fallen      Necr           51%        N/A       1%          3
 Sting                    Conj/Alch      32%        1d5       9%          1
 Summon Small Mammal      Summ           32%        N/A       9%          1
 Mercury Vapours          Alch/Air       16%        N/A       12%         2
 Call Canine Familiar     Summ           8%         N/A       24%         3
 Dazzling Flash           Conj/Hex       16%        N/A       24%         3
 Gell's Gravitas          Tloc           8%         N/A       24%         3
 Hailstorm                Conj/Ice       8%         3d5       24%         3
 Mephitic Cloud           Conj/Alch/Air  8%         N/A       24%         3
 Ozocubu's Armour         Ice            8%         N/A       24%         3
 Stone Arrow              Conj/Erth      16%        3d8       24%         3
 Summon Ice Beast         Ice/Summ       8%         N/A       24%         3
 Teleport Other           Tloc           8%         N/A       24%         3
 Animate Armour           Summ/Erth      16%        N/A       63%         4
 Olgreb's Toxic Radiance  Alch           8%         N/A       63%         4
 Summon Blazeheart Golem  Fire/Summ      8%         N/A       63%         4
 Metabolic Englaciation   Hex/Ice        4%         N/A       92%         5
 Silence                  Hex/Air        4%         N/A       92%         5
 Summon Forest            Summ/Tloc      4%         N/A       92%         5
 Summon Mana Viper        Hex/Summ       8%         N/A       92%         5
 Dispersal                Tloc           4%         N/A       100%        6
 Sculpt Simulacrum        Ice/Alch       4%         N/A       100%        6
 Summon Cactus Giant      Summ           4%         N/A       100%        6
 Lehudib's Crystal Spear  Conj/Erth      4%         10d3      100%        8


Dungeon Overview and Level Annotations

Branches:
Dungeon (10/15)            Temple (1/1) D:7            Lair (0/5) D:10
    Orc (0/2) D:9

Altars:
Ashenzari
Cheibriados
Dithmenos
Fedhas
Gozag
Hepliaklqana
Kikubaaqudgha
Makhleb
Nemelex Xobeh
Okawaru
Qazlal
Ru
Sif Muna
Trog
Uskayaw
Vehumet
Wu Jian
Xom
Yredelemnul

Shops:
D:2 =   D:10 =

Annotations:
D:8 Amaemon
D:10 1 runed translucent door, Fannar


Innate Abilities, Weirdness & Mutations

You are completely covered in rugged brown scales. (AC +3, +7% HP)
Your touch may irresistibly damage your foes and sap their willpower.


Message History

The puff of flame hits you but does no damage.
You closely miss something. Your touch misses something.
Something hits you but does no damage.
You closely miss something. Your touch misses something.
You hear some strange, mumbled words.
A magic dart appears from out of thin air!
The magic dart hits you but does no damage.
You barely miss something. Something hits you but does no damage.
You hit something. Kikubaaqudgha accepts your kill.
Reactivating autopickup.
You feel a bit more experienced.
Things that are here:
a +0 dagger; a +0 robe Your orc skeleton crumbles into dust!
Your orc skeleton crumbles into dust!
Your orc skeleton crumbles into dust!
Your orc skeleton crumbles into dust!
There is an open door here.
Found a stone staircase leading down.
There is an open door here.
There is a stone staircase leading down here.
Fannar the Cold-Hearted comes into view.
They are wielding a staff of cold and wearing a +2 robe of cold resistance.
Fannar shouts!
Fannar casts a spell.
Fannar drains the heat from the surrounding environment!
You feel a terrible chill!
Fannar gestures wildly while chanting.
Fannar drains the heat from the surrounding environment!
You feel a terrible chill!
Ouch! That really hurt!
* * * LOW HITPOINT WARNING * * *
As you read the scroll of teleportation, it crumbles to dust.
You feel strangely unstable.
Your surroundings suddenly seem different.
Fannar mumbles some strange words.
Fannar drains the heat from the surrounding environment!
You feel a terrible chill!
You die...
Kikubaaqudgha rasps: "You have failed me!
Welcome... death!"

#. ###### #. ######## #....# #.
#......########### #....# #.
#......##........# #....#####
#......##........# #.........
#......##........# #....#####
#......##........#####....#####
#......#......@..+.............
#......#.........######........
#......#.#...........##..######
#.......e........P.P...........
#......#.#.....88....##.#######
###......#...........P..#........
....>....#.....8.....8..#..######
####'#####..............#..#
###.#####....8....8....#..######


You could see Fannar.

Vanquished Creatures
  Snorg (D:10)
  A centaur warrior (D:9)
  A two-headed ogre (D:8)
  Lodul (D:10)
  Pikel (D:7)
  A deep elf pyromancer (D:10)
  Joseph (D:8)
  2 centaur zombies (D:10)
  A komodo dragon (D:10)
  A troll (D:10)
  2 hellwings (D:10)
  A hornet (D:9)
  A meliai zombie (D:10)
  3 wyverns (D:9)
  14 yaks
  Grum (D:8)
  2 steam dragons (D:9)
  An acid dragon (D:9)
  3 water moccasins
  2 orc warriors
  3 ice beasts
  2 sky beasts
  15 ogres
  3 phantoms
  2 centaurs
  4 wolves
  A bullfrog (D:7)
  3 kobold brigands
  A gnoll sergeant (D:9)
  6 wights
  10 killer bees
  3 electric eels (D:10)
  A howler monkey (D:6)
  4 bombardier beetles
  2 gnoll boudas
  3 hounds
  7 orc priests
  A jelly (D:8)
  4 iguanas
  A sleepcap (D:6)
  Ijyb (D:3)
  Natasha (thrice) (D:3)
  A boggart zombie (D:10)
  9 orc wizards
  A boggart skeleton (D:10)
  14 gnolls
  6 adders
  6 shadow imps
  2 white imps
  5 ufetubi
  A dart slug (D:5)
  A ribbon worm (D:2)
  26 orcs
  5 ball pythons
  8 bats
  9 endoplasms
  4 giant cockroaches
  5 goblins
  9 hobgoblins
  3 jackals (D:3)
  5 quokkas
  5 frilled lizards
  21 kobolds
  5 rats
272 creatures vanquished.

Vanquished Creatures (collateral kills)
  A goblin (D:3)
  A frilled lizard (D:1)
2 creatures vanquished.

Vanquished Creatures (others)
  A komodo dragon zombie (D:10)
1 creature vanquished.

Grand Total: 275 creatures vanquished

Notes
Turn   | Place    | Note
-------+----------+-------------------------------------------
     0 | D:1      | PaiMei the Demonspawn Necromancer began the quest for the
                  | Orb.
     0 | D:1      | Reached XP level 1. HP: 13/13 MP: 3/3
   404 | D:1      | Gained mutation: Your touch may inflict minor irresistible
                  | damage on your foes. [demonic ancestry]
   404 | D:1      | Reached XP level 2. HP: 19/19 MP: 1/5
   899 | D:1      | Gained mutation: Your touch may inflict irresistible damage
                  | on your foes. [demonic ancestry]
   899 | D:1      | Reached XP level 3. HP: 25/25 MP: 0/6
   904 | D:1      | Learned a level 3 spell: Vampiric Draining
  1470 | D:2      | Reached skill level 1 in Fighting
  1570 | D:2      | Found Lunnucwu's Jewellery Boutique.
  1714 | D:2      | Found a faded altar of an unknown god.
  1896 | D:2      | Reached XP level 4. HP: 19/32 MP: 4/7
  2233 | D:3      | Noticed Natasha
  2234 | D:3      | Noticed a phantom
  2236 | D:3      | Reached skill level 5 in Necromancy
  2564 | D:3      | Found a hazy altar of Hepliaklqana.
  2600 | D:3      | Found a blossoming altar of Fedhas.
  2625 | D:3      | Noticed Ijyb
  2633 | D:3      | Killed Ijyb
  2701 | D:3      | Gained mutation: Your touch may irresistibly damage your
                  | foes and sap their willpower. [demonic ancestry]
  2701 | D:3      | Reached XP level 5. HP: 33/38 MP: 1/9
  2800 | D:3      | Killed Natasha
  2855 | D:3      | Noticed Natasha
  2862 | D:3      | Killed Natasha
  2867 | D:3      | Killed a phantom
  2868 | D:3      | Reached XP level 6. HP: 18/46 MP: 6/11
  2915 | D:3      | Noticed Natasha
  2924 | D:3      | Killed Natasha
  3520 | D:4      | Reached skill level 6 in Necromancy
  3520 | D:4      | Reached XP level 7. HP: 52/52 MP: 12/12
  4052 | D:4      | Learned a level 4 spell: Animate Dead
  4063 | D:5      | Entered Level 5 of the Dungeon
  4804 | D:5      | Reached XP level 8. HP: 59/60 MP: 5/14
  5184 | D:5      | Reached skill level 7 in Necromancy
  5364 | D:6      | Reached skill level 5 in Spellcasting
  5383 | D:6      | Reached skill level 5 in Dodging
  5591 | D:5      | Reached skill level 5 in Fighting
  6167 | D:6      | Gained mutation: You are partially covered in rugged brown
                  | scales. (AC +1, +3% HP) [demonic ancestry]
  6167 | D:6      | Reached XP level 9. HP: 63/70 MP: 6/17
  6291 | D:6      | Identified the +5 spear of Disorder {drain, rPois rC- rN+}
  6697 | D:6      | Got Sif Muna's Notes on Caustic Ice
  6835 | D:7      | Reached skill level 8 in Necromancy
  6963 | D:7      | Noticed Pikel
  6980 | D:7      | Killed Pikel
  7773 | D:7      | Found a staircase to the Ecumenical Temple.
  7783 | Temple   | Entered the Ecumenical Temple
  7796 | Temple   | Became a worshipper of Kikubaaqudgha
  8328 | D:7      | Found a shadowy altar of Dithmenos.
  8651 | D:8      | Noticed Joseph
  8652 | D:8      | Noticed Grum
  8689 | D:8      | Killed Grum
  8711 | D:7      | Reached skill level 9 in Necromancy
  9244 | D:8      | Killed Joseph
  9245 | D:8      | Gained mutation: You are mostly covered in rugged brown
                  | scales. (AC +2, +5% HP) [demonic ancestry]
  9245 | D:8      | Reached XP level 10. HP: 48/82 MP: 2/20
  9460 | D:8      | Noticed a two-headed ogre
  9470 | D:8      | Killed a two-headed ogre
 10743 | D:8      | Noticed an orange demon
 10767 | D:8      | Noticed Amaemon
 10838 | D:9      | Noticed a centaur warrior
 11383 | D:9      | Reached * piety under Kikubaaqudgha
 11383 | D:9      | Received a gift from Kikubaaqudgha
 11959 | D:9      | Found a broken altar of Ashenzari.
 12274 | D:9      | Killed a centaur warrior
 12275 | D:9      | Reached skill level 10 in Necromancy
 12830 | D:9      | Gained mutation: You are completely covered in rugged brown
                  | scales. (AC +3, +7% HP) [demonic ancestry]
 12830 | D:9      | Reached XP level 11. HP: 83/93 MP: 3/23
 12980 | D:9      | Found a staircase to the Orcish Mines.
 13702 | D:10     | Entered Level 10 of the Dungeon
 13880 | D:10     | Learned a level 5 spell: Curse of Agony
 13952 | D:10     | Noticed Lodul
 13998 | D:10     | Killed Lodul
 14451 | D:10     | Found a staircase to the Lair.
 14561 | D:10     | Reached skill level 11 in Necromancy
 14573 | D:10     | Reached ** piety under Kikubaaqudgha
 14576 | D:10     | Noticed Snorg
 15145 | D:10     | Found a runed translucent door.
 15145 | D:10     | Noticed a deep elf pyromancer
 15146 | D:10     | Noticed a stone giant
 15151 | D:10     | Killed a deep elf pyromancer
 15375 | D:10     | Killed Snorg
 17343 | D:10     | Found Veuzela's Jewellery Shop.
 17573 | D:10     | Noticed Fannar
 17581 | D:10     | Mangled by Fannar

Illustrated notes

Levels and vault maps discovered:
D:1:      eino_arrival_tree_alley, layout_basic, minmay_3d_cube
D:2:      layout_rooms, serial_shops, nicolae_shop_tiny_waterfront,
          hellmonk_ecumenical_altar_slurped_away
D:3:      layout_rooms, overflow_temple_1_default, overflow_temple_1_default,
          uniq_ijyb, uniq_natasha
D:4:      minmay_diamond_boxcup, layout_basic
D:5:      layout_loops_ring
D:6:      layout_cave_pools
D:7:      layout_basic, mainiacjoe_overflow_six_doors_small,
          minmay_temple_entry_statues_pillars, uniq_pikel
D:8:      layout_loops_cross, minivault_24, uniq_joseph, uniq_amaemon, uniq_grum
D:9:      layout_big_octagon, orc_0_dummy, hangedman_abyss_or_decor_clamps,
          minmay_ruined_shrine
D:10:     cheibrodos_grave_circle, layout_basic, lair_entry_dummy, serial_shops,
          shop, minivault_13, uniq_lodul, uniq_snorg, uniq_fannar
Temple:   compressed_dpeg_triangle_lava_temple

Skill      XL: |  1  2  3  4  5  6  7  8  9 10 11 |
---------------+----------------------------------+-----
Stealth        | 2 |  2.0
Dodging        | 2 3 4 5 6 8 9 |  9.1
Fighting       | 1 2 3 4 5 7 8 9 |  9.6
Necromancy     | 5 6 7 9 10 11 | 11.5
Spellcasting   | 3 4 5 7 8 9 |  9.2

Action                     |  1- 3 |  4- 6 |  7- 9 | 10-12 || total
---------------------------+-------+-------+-------+-------++-------
  Melee: Hand axe          |     3 |       |       |       ||     3
         Touch             |     1 |     4 |    22 |    58 ||    85
         Mace              |     3 |    22 |    54 |       ||    79
         Spear             |       |       |    66 |   269 ||   335
         Punch             |       |       |     1 |     3 ||     4
   Cast: Necrotise         |    75 |    66 |   104 |    91 ||   336
         Vampiric Draining |       |     4 |    73 |    85 ||   162
         Curse of Agony    |       |       |       |     6 ||     6
         Animate Dead      |       |       |       |     1 ||     1
    Use: Scroll            |       |       |       |    12 ||    12
 Armour: Robe              |    19 |    40 |   103 |    69 ||   231
         Steam dragon scal |       |       |       |   139 ||   139
  Dodge: Dodged            |    12 |    61 |   262 |   390 ||   725
